| TOP OF THE 1ST |
|
Albuquerque Dukes batting - Pitching for Amarillo Gold Sox : LHP Gregg Lorenz
|
|
Pitching: LHP Gregg Lorenz
|
|
|
Batting: RHB Jack Lopez
|
0-0: Called Strike 0-1: Ball 1-1: Swinging Strike 1-2: Foul Ball, location: 2F 1-2: Ball 2-2: Strikes out swinging
|
|
Batting: RHB Edward Gates
|
0-0: Called Strike 0-1: Called Strike 0-2: Strikes out looking
|
|
Batting: LHB Dave Yobs
|
0-0: Ball 1-0: Ball 2-0: Fly out, F8 (Flyball, 8LXD, EV 98.1 MPH)
|
| Top of the 1st over - 0 runs, 0 hits, 0 errors, 0 left on base; Albuquerque 0 - Amarillo 0 |
| BOTTOM OF THE 1ST |
|
Amarillo Gold Sox batting - Pitching for Albuquerque Dukes : RHP Pablo Gastelum
|
|
Pitching: RHP Pablo Gastelum
|
|
|
Batting: LHB Hector Arroyo
|
0-0: Ball 1-0: Ball 2-0: Ball 3-0: Base on Balls
|
|
Batting: SHB Steve Jeltz
|
0-0: Called Strike 0-1: Fielders Choice at 2nd, 3-6 (Groundball, 3, EV 85.6 MPH)
|
|
Batting: LHB Louie Meadows
|
0-0: Ball 1-0: Foul Ball, location: 2F 1-1: Ball Steve Jeltz steals 2nd, throwing error, E2 Steve Jeltz to third 2-1: Foul Ball, location: 2F 2-2: SINGLE (Groundball, P, EV 84.4 MPH) (infield hit) Steve Jeltz scores
|
|
Batting: RHB Bill Pecota
|
0-0: Ball 1-0: Called Strike 1-1: Ball 2-1: Foul Ball, location: 2F 2-2: Fielders Choice at 2nd, 4-6 (Groundball, 4, EV 88.1 MPH)
|
|
Batting: RHB Andrew Barbee
|
0-0: Ball 1-0: Called Strike Bill Pecota steals 2nd base 1-1: Swinging Strike 1-2: Ball 2-2: Foul Ball, location: 2F 2-2: Ball 3-2: Foul Ball, location: 2F 3-2: Foul Ball, location: 2F 3-2: Strikes out swinging
|
| Bottom of the 1st over - 1 run, 1 hit, 1 error, 1 left on base; Albuquerque 0 - Amarillo 1 |
| TOP OF THE 2ND |
|
Albuquerque Dukes batting - Pitching for Amarillo Gold Sox : LHP Gregg Lorenz
|
|
Batting: RHB James Oros
|
0-0: Ball 1-0: Fly out, F8 (Line Drive, 8RD, EV 88.8 MPH)
|
|
Batting: RHB Mark Maher
|
0-0: Ball 1-0: Swinging Strike 1-1: Foul Ball, location: 2F 1-2: Ball 2-2: Ball 3-2: Strikes out swinging
|
|
Batting: LHB Andres Romero
|
0-0: Swinging Strike 0-1: Ball 1-1: Foul Ball, location: 2F 1-2: Foul Ball, location: 2F 1-2: SINGLE (Groundball, 6M, EV 82.5 MPH) (infield hit)
|
|
Batting: RHB Steven Houlberg
|
0-0: Called Strike 0-1: Ball Andres Romero steals 2nd base 1-1: Ball 2-1: Foul Ball, location: 2F 2-2: Foul Ball, location: 2F 2-2: Single, Error in OF, E7, batter to second base (Line Drive, 78M, EV 93.8 MPH) Andres Romero scores
|
|
Batting: LHB Matthew Henderson
|
0-0: Ball 1-0: Called Strike 1-1: Swinging Strike 1-2: Ball 2-2: Fly out, F8 (Flyball, 8LD, EV 101.9 MPH)
|
| Top of the 2nd over - 1 run, 2 hits, 1 error, 1 left on base; Albuquerque 1 - Amarillo 1 |
| BOTTOM OF THE 2ND |
|
Amarillo Gold Sox batting - Pitching for Albuquerque Dukes : RHP Pablo Gastelum
|
|
Batting: RHB Dan Henry
|
0-0: Called Strike 0-1: Ball 1-1: SINGLE (Line Drive, 4M, EV 105.6 MPH)
|
|
Batting: RHB Chino Cadahia
|
0-0: Ball 1-0: Ball 2-0: Called Strike 2-1: DOUBLE (Flyball, 8LXD, EV 102.5 MPH) Dan Henry to third
|
|
Batting: RHB Vic Alvarado
|
0-0: Ball 1-0: Reached on error, E2 (Groundball, 2R, EV 65.6 MPH) Dan Henry scores Chino Cadahia to third
|
|
Batting: RHB J.P. Pierson
|
0-0: Ball 1-0: Ball Vic Alvarado steals 2nd base 2-0: Called Strike 2-1: Foul Ball, location: 2F 2-2: Ball 3-2: SINGLE (Groundball, 4D, EV 99.4 MPH) Chino Cadahia scores Vic Alvarado to third Runner from 3rd tries for Home, SAFE, throw by CF to home
|
|
Batting: LHB Hector Arroyo
|
0-0: Ball 1-0: Foul Ball, location: 2F 1-1: Fielders Choice at 2nd, 4-6 (Groundball, 4, EV 87.5 MPH)
|
|
Batting: SHB Steve Jeltz
|
0-0: Ball Wild Pitch! Hector Arroyo to second 1-0: Ball 2-0: Ball 3-0: Called Strike 3-1: Base on Balls
|
|
Batting: LHB Louie Meadows
|
0-0: Ball 1-0: Ball 2-0: Ball 3-0: Base on Balls Hector Arroyo to third Steve Jeltz to second
|
|
Batting: RHB Bill Pecota
|
Balk! Hector Arroyo scores Steve Jeltz to third Louie Meadows to second 0-0: Ball 1-0: Foul Ball, location: 2F 1-1: Ball 2-1: Ground out 6-3 (Groundball, 6, EV 110.0 MPH) Steve Jeltz scores
|
|
Batting: RHB Andrew Barbee
|
0-0: Ball 1-0: Ground out U3 (Groundball, 13, EV 80.6 MPH)
|
| Bottom of the 2nd over - 5 runs, 3 hits, 1 error, 1 left on base; Albuquerque 1 - Amarillo 6 |
| TOP OF THE 3RD |
|
Albuquerque Dukes batting - Pitching for Amarillo Gold Sox : LHP Gregg Lorenz
|
|
Batting: LHB Sal Rende
|
0-0: Ball 1-0: Called Strike 1-1: Swinging Strike 1-2: Strikes out swinging
|
|
Batting: RHB Jack Lopez
|
0-0: Foul Ball, location: 2F 0-1: Ball 1-1: Foul Ball, location: 2F 1-2: Strikes out looking
|
|
Batting: RHB Edward Gates
|
0-0: Ball 1-0: Called Strike 1-1: Called Strike 1-2: Ball 2-2: Strikes out swinging
|
| Top of the 3rd over - 0 runs, 0 hits, 0 errors, 0 left on base; Albuquerque 1 - Amarillo 6 |
| BOTTOM OF THE 3RD |
|
Amarillo Gold Sox batting - Pitching for Albuquerque Dukes : RHP Pablo Gastelum
|
|
Batting: RHB Dan Henry
|
0-0: Foul Ball, location: 2F 0-1: Called Strike 0-2: Ball 1-2: Foul Ball, location: 2F 1-2: Strikes out looking
|
|
Batting: RHB Chino Cadahia
|
0-0: Called Strike 0-1: Swinging Strike 0-2: Foul Ball, location: 2F 0-2: Ball 1-2: Foul Ball, location: 2F 1-2: Ball 2-2: Ground out 5-3 (Groundball, 56, EV 85.0 MPH)
|
|
Batting: RHB Vic Alvarado
|
0-0: Ball 1-0: Foul Ball, location: 2F 1-1: Swinging Strike 1-2: Ball 2-2: SINGLE (Line Drive, 89M, EV 113.1 MPH)
|
|
Batting: RHB J.P. Pierson
|
0-0: Fly out, F4 (Flyball, 34D, EV 83.8 MPH)
|
| Bottom of the 3rd over - 0 runs, 1 hit, 0 errors, 1 left on base; Albuquerque 1 - Amarillo 6 |
| TOP OF THE 4TH |
|
Albuquerque Dukes batting - Pitching for Amarillo Gold Sox : LHP Gregg Lorenz
|
|
Batting: LHB Dave Yobs
|
0-0: Called Strike 0-1: DOUBLE (Line Drive, 7LS, EV 91.3 MPH)
|
|
Batting: RHB James Oros
|
0-0: Ground out 5-3 (Groundball, 56S, EV 87.5 MPH)
|
|
Batting: RHB Mark Maher
|
0-0: Called Strike 0-1: Called Strike 0-2: Strikes out looking
|
|
Batting: LHB Andres Romero
|
0-0: Ball 1-0: Ball 2-0: Called Strike 2-1: Foul Ball, location: 2F 2-2: Ball 3-2: Ground out 3-1 (Groundball, 34, EV 87.5 MPH)
|
| Top of the 4th over - 0 runs, 1 hit, 0 errors, 1 left on base; Albuquerque 1 - Amarillo 6 |
| BOTTOM OF THE 4TH |
|
Amarillo Gold Sox batting - Pitching for Albuquerque Dukes : RHP Pablo Gastelum
|
|
Pitching: RHP Michael Tancredi
|
|
|
Batting: LHB Hector Arroyo
|
0-0: Fly out, F6 (Line Drive, 6, EV 65.6 MPH)
|
|
Batting: SHB Steve Jeltz
|
0-0: Foul Ball, location: 2F 0-1: Ball 1-1: Foul Ball, location: 2F 1-2: SINGLE (Groundball, 3D, EV 98.8 MPH)
|
|
Batting: LHB Louie Meadows
|
0-0: Ball 1-0: DOUBLE (Line Drive, 7LS, EV 106.9 MPH) Steve Jeltz to third
|
|
Batting: RHB Bill Pecota
|
0-0: Called Strike 0-1: Called Strike 0-2: Foul Ball, location: 2F 0-2: Foul Ball, location: 2F 0-2: Ground out U3 (Groundball, 34, EV 97.5 MPH) Steve Jeltz scores Louie Meadows to third
|
|
Batting: RHB Andrew Barbee
|
0-0: Called Strike 0-1: Ball 1-1: Ball 2-1: Fly out, F7 (Flyball, 7S, EV 90.0 MPH)
|
| Bottom of the 4th over - 1 run, 2 hits, 0 errors, 1 left on base; Albuquerque 1 - Amarillo 7 |
| TOP OF THE 5TH |
|
Albuquerque Dukes batting - Pitching for Amarillo Gold Sox : LHP Gregg Lorenz
|
|
Batting: RHB Steven Houlberg
|
0-0: Called Strike 0-1: Ball 1-1: Called Strike 1-2: Strikes out swinging
|
|
Batting: LHB Matthew Henderson
|
0-0: Ball 1-0: Called Strike 1-1: DOUBLE (Line Drive, 7D, EV 107.5 MPH)
|
|
Batting: LHB Sal Rende
|
0-0: Called Strike 0-1: Swinging Strike 0-2: Ball 1-2: Ball 2-2: Strikes out swinging
|
|
Batting: RHB Jack Lopez
|
0-0: Ball 1-0: Called Strike 1-1: Ball 2-1: Foul Ball, location: 2F 2-2: Fly out, F1 (Line Drive, P, EV 68.1 MPH)
|
| Top of the 5th over - 0 runs, 1 hit, 0 errors, 1 left on base; Albuquerque 1 - Amarillo 7 |
| BOTTOM OF THE 5TH |
|
Amarillo Gold Sox batting - Pitching for Albuquerque Dukes : RHP Michael Tancredi
|
|
Batting: RHB Dan Henry
|
0-0: Ball 1-0: Ball 2-0: Ball 3-0: Called Strike 3-1: Fly out, F9 (Flyball, 89S, EV 83.8 MPH)
|
|
Batting: RHB Chino Cadahia
|
0-0: Fly out, F7 (Flyball, 7LM, EV 86.3 MPH)
|
|
Batting: RHB Vic Alvarado
|
0-0: Called Strike 0-1: Called Strike 0-2: Ball 1-2: Strikes out swinging
|
| Bottom of the 5th over - 0 runs, 0 hits, 0 errors, 0 left on base; Albuquerque 1 - Amarillo 7 |
| TOP OF THE 6TH |
|
Albuquerque Dukes batting - Pitching for Amarillo Gold Sox : LHP Gregg Lorenz
|
|
Batting: RHB Edward Gates
|
0-0: Called Strike 0-1: Swinging Strike 0-2: Ball 1-2: Ball 2-2: Foul Ball, location: 2F 2-2: Strikes out looking
|
|
Batting: LHB Dave Yobs
|
0-0: Called Strike 0-1: Ball 1-1: Fly out, F5 (Popup, 56S, EV 83.8 MPH)
|
|
Batting: RHB James Oros
|
0-0: Called Strike 0-1: Ball 1-1: Ball 2-1: Ball 3-1: Base on Balls
|
|
Batting: RHB Mark Maher
|
0-0: Ball 1-0: Fly out, F9 (Flyball, 89M, EV 90.6 MPH)
|
| Top of the 6th over - 0 runs, 0 hits, 0 errors, 1 left on base; Albuquerque 1 - Amarillo 7 |
| BOTTOM OF THE 6TH |
|
Amarillo Gold Sox batting - Pitching for Albuquerque Dukes : RHP Michael Tancredi
|
|
Batting: RHB J.P. Pierson
|
0-0: Ball 1-0: Called Strike 1-1: Ball 2-1: Ball 3-1: Base on Balls
|
|
Batting: LHB Hector Arroyo
|
0-0: Called Strike 0-1: Swinging Strike 0-2: Strikes out swinging
|
|
Batting: SHB Steve Jeltz
|
0-0: Called Strike 0-1: Foul Ball, location: 2F 0-2: SINGLE (Line Drive, 9S, EV 89.4 MPH) J.P. Pierson to second Runner from 2nd tries for 3rd, SAFE, no throw by RF
|
|
Batting: LHB Louie Meadows
|
0-0: Foul Ball, location: 2F 0-1: Foul Ball, location: 2F 0-2: TRIPLE (Flyball, 9D, EV 105.6 MPH) J.P. Pierson scores Steve Jeltz scores
|
|
Batting: RHB Bill Pecota
|
0-0: Ground out 6-3 (Groundball, 6, EV 85.0 MPH) Louie Meadows scores
|
|
Batting: RHB Andrew Barbee
|
0-0: Ball 1-0: Ball 2-0: Ball 3-0: Base on Balls
|
|
Batting: RHB Dan Henry
|
0-0: DOUBLE (Groundball, 5L, EV 100.6 MPH) Andrew Barbee to third
|
|
Batting: RHB Chino Cadahia
|
0-0: Called Strike 0-1: Ball 1-1: Ball 2-1: Swinging Strike 2-2: Ball 3-2: Strikes out swinging
|
| Bottom of the 6th over - 3 runs, 3 hits, 0 errors, 2 left on base; Albuquerque 1 - Amarillo 10 |
| TOP OF THE 7TH |
|
Albuquerque Dukes batting - Pitching for Amarillo Gold Sox : LHP Gregg Lorenz
|
|
Pinch Hitting: LHB Rodney Kemp
|
0-0: Ball 1-0: Called Strike 1-1: SINGLE (Groundball, 6MS, EV 87.5 MPH) (infield hit)
|
|
Pitching: RHP Charles Schupp
|
|
|
Batting: RHB Steven Houlberg
|
0-0: Ball 1-0: Fly out, F8 (Flyball, 8RM, EV 73.1 MPH)
|
|
Batting: LHB Matthew Henderson
|
0-0: Ball 1-0: Foul Ball, location: 2F 1-1: Ball 2-1: SINGLE (Groundball, 6D, EV 95.6 MPH) Rodney Kemp to second
|
|
Pinch Hitting: RHB Thomas Steinmetz
|
0-0: Fly out, F7 (Flyball, 7, EV 85.6 MPH)
|
|
Batting: RHB Jack Lopez
|
0-0: Ball 1-0: Ball 2-0: Swinging Strike 2-1: Foul Ball, location: 2F 2-2: Fielders Choice at 2nd, 5-4 (Groundball, 56, EV 106.9 MPH)
|
| Top of the 7th over - 0 runs, 2 hits, 0 errors, 2 left on base; Albuquerque 1 - Amarillo 10 |
| BOTTOM OF THE 7TH |
|
Amarillo Gold Sox batting - Pitching for Albuquerque Dukes : RHP Michael Tancredi
|
|
Now at 1B: Emil Drzayich
|
|
|
Now in LF: Rodney Kemp
|
|
|
Batting: RHB Vic Alvarado
|
0-0: Ball 1-0: Fly out, F9 (Flyball, 9LS, EV 90.0 MPH)
|
|
Batting: RHB J.P. Pierson
|
0-0: Ball 1-0: Foul Ball, location: 2F 1-1: Ball 2-1: Foul Ball, location: 2F 2-2: Foul Ball, location: 2F 2-2: Ball 3-2: Foul Ball, location: 2F 3-2: Foul Ball, location: 2F 3-2: Foul Ball, location: 2F 3-2: Foul Ball, location: 2F 3-2: Foul Ball, location: 2F 3-2: SINGLE (Flyball, 4MD, EV 95.0 MPH)
|
|
Pitching: LHP Tom Chevolek
|
|
|
Batting: LHB Hector Arroyo
|
0-0: Ball 1-0: Reached on error, E3 (Groundball, 3, EV 86.3 MPH) J.P. Pierson to second
|
|
Batting: SHB Steve Jeltz
|
0-0: SINGLE (Groundball, 4MS, EV 62.5 MPH) (infield hit) J.P. Pierson to third Hector Arroyo to second
|
|
Pinch Hitting: RHB Todd Smith
|
0-0: Fly out, F8 (Flyball, 8LD, EV 96.9 MPH) Runner from 3rd tags up, SCORES, no throw by CF
|
|
Batting: RHB Bill Pecota
|
0-0: Foul Ball, location: 2F 0-1: Ball 1-1: Foul Ball, location: 2F 1-2: Foul Ball, location: 2F 1-2: Ball 2-2: Fly out, F9 (Flyball, 89S, EV 89.4 MPH)
|
| Bottom of the 7th over - 1 run, 2 hits, 1 error, 2 left on base; Albuquerque 1 - Amarillo 11 |
| TOP OF THE 8TH |
|
Albuquerque Dukes batting - Pitching for Amarillo Gold Sox : RHP Charles Schupp
|
|
Now at 1B: Todd Smith
|
|
|
Batting: RHB Edward Gates
|
0-0: Ball 1-0: Called Strike 1-1: Ball 2-1: Ball 3-1: Foul Ball, location: 2F 3-2: Base on Balls
|
|
Batting: LHB Dave Yobs
|
0-0: Ball 1-0: Foul Ball, location: 2F 1-1: Ball 2-1: Foul Ball, location: 2F 2-2: SINGLE (Line Drive, 9S, EV 91.9 MPH) Edward Gates to second
|
|
Batting: RHB James Oros
|
0-0: Called Strike 0-1: Reached on error, E6 (Groundball, 56, EV 90.6 MPH) Edward Gates to third Dave Yobs to second
|
|
Batting: RHB Mark Maher
|
0-0: Called Strike 0-1: Grounds into double play, 3-6-3 (Groundball, 3, EV 85.0 MPH) Edward Gates scores Dave Yobs to third
|
|
Batting: LHB Rodney Kemp
|
0-0: Called Strike 0-1: Foul Ball, location: 2F 0-2: Ground out 2-3 (Groundball, 15S, EV 60.6 MPH)
|
| Top of the 8th over - 1 run, 1 hit, 1 error, 1 left on base; Albuquerque 2 - Amarillo 11 |
| BOTTOM OF THE 8TH |
|
Amarillo Gold Sox batting - Pitching for Albuquerque Dukes : LHP Tom Chevolek
|
|
Batting: RHB Andrew Barbee
|
0-0: Swinging Strike 0-1: Foul Ball, location: 2F 0-2: Ground out 6-3 (Groundball, 6, EV 107.5 MPH)
|
|
Batting: RHB Dan Henry
|
0-0: Ground out 6-3 (Groundball, 6, EV 83.1 MPH)
|
|
Batting: RHB Chino Cadahia
|
0-0: Ball 1-0: Foul Ball, location: 2F 1-1: SINGLE (Groundball, 6S, EV 66.9 MPH) (infield hit)
|
|
Batting: RHB Vic Alvarado
|
0-0: Foul Ball, location: 2F 0-1: Called Strike 0-2: Fly out, F3 (Popup, 3SF, EV 74.4 MPH)
|
| Bottom of the 8th over - 0 runs, 1 hit, 0 errors, 1 left on base; Albuquerque 2 - Amarillo 11 |
| TOP OF THE 9TH |
|
Albuquerque Dukes batting - Pitching for Amarillo Gold Sox : RHP Charles Schupp
|
|
Batting: RHB Steven Houlberg
|
0-0: Fly out, F7 (Flyball, 78M, EV 88.8 MPH)
|
|
Batting: LHB Matthew Henderson
|
0-0: Ball 1-0: Ball 2-0: Ground out 6-3 (Groundball, 6, EV 78.1 MPH)
|
|
Batting: LHB Emil Drzayich
|
0-0: Called Strike 0-1: Ball 1-1: Foul Ball, location: 2F 1-2: Foul Ball, location: 2F 1-2: Ball 2-2: Ground out 4-3 (Groundball, 4, EV 104.4 MPH)
|
| Top of the 9th over - 0 runs, 0 hits, 0 errors, 0 left on base; Albuquerque 2 - Amarillo 11 |
|